Workbook
Name Countries: Countries!$A$2:$A$250
Name DevCells: '2. Progress towards outcomes'!#REF!
Name DevCells: #REF!
Name DevRatings: '2. Progress towards outcomes'!#REF!
Name DevRatings: #REF!
Name DevScore: #REF!
Name DevScore: _Calc!$D$20
Name ImpCells: '3. Implementation Progress'!$D$56:$M$58
Name ImpRatings: '3. Implementation Progress'!$D$56:$M$58
Name ImpScore: #REF!
Name ImpScore: _Calc!$D$21
Name NumRating: #REF!
Name NumRating: _Calc!$B$2:$B$9
Name TxtRating: #REF!
Name TxtRating: _Calc!$A$2:$A$9
Name Weights: #REF!
Name Weights: _Calc!$E$14:$I$14
Name Weights2: #REF!
Name Weights2: _Calc!$E$17:$H$17

Sheet Table of Contents
M1: Questions? Contact our support: faogef-pir-support@fao.org
M3: HOW TO USE THIS TEMPLATE:
M5: 1. In each of the tabs, instructions on how to complete and where to find information are provided on the right.
B6: FAO-GEF Project Implementation Report | M6: Read the instructions carefully before completing each section.
B7: 2026 – Revised Template | M7: There is no need to delete the instructions before submitting the PIR to the GEF Coordination Unit.
B8: Period covered: 1 July 2025 to 30 June 2026
B9: Table of Contents | M9: 2. Certain tabs, such as "1. Basic Project Data", "2. Progress towards outcomes" and "13. Co-financing" have been pre-populated with SOME data from the PIR 2024.
B10: =HYPERLINK("#'1. Basic project data'!N10","1. BASIC PROJECT DATA") -> 1. BASIC PROJECT DATA | M10: Please CHECK THE ACCURACY of the pre-populated data and ensure it's updated. You can edit those fields.
B11: =HYPERLINK("#'2. Progress towards outcomes'!N11","2. PROGRESS TOWARDS ACHIEVING PROJECT OBJECTIVE(S) (DEVELOPMENT OBJECTIVE)") -> 2. PROGRESS TOWARDS ACHIEVING PROJECT OBJECTIVE(S) (DEVELOPMENT OBJECTIVE) | M11: Consult the PIR 2024 file to confirm the accuracy of the pre-populated data. | N11: Progress towards Achieving Project Objective(s) (Development Objective)
B12: =HYPERLINK("#'3. Implementation Progress'!N12","3. IMPLEMENTATION PROGRESS (IP)") -> 3. IMPLEMENTATION PROGRESS (IP) | N12: Implementation Progress (IP)
B13: =HYPERLINK("#'4. Summary on progress'!N13","4. SUMMARY ON PROGRESS AND CHALLENGES") -> 4. SUMMARY ON PROGRESS AND CHALLENGES | M13: For FIRST PIRs, it was not possible to pre-populate tabs. Follow the instructions to complete each section. | N13: Summary on progress, challenges, and outcomes
B14: =HYPERLINK("#'5. ESS Risk'!N14","5.ENVIRONMENTAL AND SOCIAL SAFEGUARDS (ESS):RISKS FROM THE PROJECT") -> 5.ENVIRONMENTAL AND SOCIAL SAFEGUARDS (ESS):RISKS FROM THE PROJECT | M14: 3. Certain fields are automated. It means that:
B15: =HYPERLINK("#'6. Risks to the project'!N15","6. RISKS TO THE PROJECT") -> 6. RISKS TO THE PROJECT | M15: they are going to pull information from other tabs once those are completed, OR
B16: =HYPERLINK("#'7. Follow-up on Mid-term review'!N16","7. FOLLOW-UP ON MID-TERM REVIEW OR SUPERVISION MISSION") -> 7. FOLLOW-UP ON MID-TERM REVIEW OR SUPERVISION MISSION | M16: they are going to automatically consolidate data (e.g. sum of percentages, calculation of ratings) once a table is completed
B17: =HYPERLINK("#'8. Minor project amendments'!N17","8. MINOR PROJECT AMENDMENTS") -> 8. MINOR PROJECT AMENDMENTS | M17: When fields or tables are automated, this is informed on the guidance.
B18: =HYPERLINK("#'9. Stakeholders' Engagement'!N18","9. STAKEHOLDERS' ENGAGEMENT") -> 9. STAKEHOLDERS' ENGAGEMENT
B19: =HYPERLINK("#'10. Gender Mainstreaming'!N19","10. GENDER MAINSTREAMING") -> 10. GENDER MAINSTREAMING | M19: 4. Certain information must be chose from a drop-down menu (e.g. YES or NO responses, type of stakeholder)
B20: =HYPERLINK("#'11. Knowledge Management'!N20","11. KNOWLEDGE MANAGEMENT ACTIVITIES") -> 11. KNOWLEDGE MANAGEMENT ACTIVITIES | M20: When you click on a cell with a drop-down menu, you will be able to see an arrow on the right side and access the menu.
B21: =HYPERLINK("#'12. Indigenous & Local Involve.'!N21","12. INDIGENOUS PEOPLES AND LOCAL COMMUNITIES INVOLVEMENT") -> 12. INDIGENOUS PEOPLES AND LOCAL COMMUNITIES INVOLVEMENT | M21: When more than one option can be selected from a drop-down menu, this is informed in the guidance
B22: =HYPERLINK("#'13. Co-Financing Table'!N22","13. CO-FINANCING TABLE") -> 13. CO-FINANCING TABLE
B23: =HYPERLINK("#'14. GEO Location'!N23","14. GEO LOCATION INFORMATION") -> 14. GEO LOCATION INFORMATION | M23: HOW TO ADD HYPERLINKS
B24: =HYPERLINK("#' GEF-5 LDCF Indicators'!N27"," GEF-5 LDCF Indicators") -> GEF-5 LDCF Indicators | M24: 1. Select your cell.
B25: =HYPERLINK("#'GEF6&7 LDCF Core Indicators'!N28"," GEF 6&7 LDCF Core Indicators") -> GEF 6&7 LDCF Core Indicators | M25: 2. Insert → Link (or press Ctrl + K).
B26: =HYPERLINK("#'Annex'!N26","Annex. Monitoring Area-based GEF Core Indicator Commitments and Progress with FERM") -> Annex. Monitoring Area-based GEF Core Indicator Commitments and Progress with FERM | M26: 3. Choose:
M27: Existing File or Web Page (type/paste URL or browse)
M28: Place in This Document (enter e.g. Sheet2!A10)
B29: IMPORTANT DISCLAIMER: | M29: E-mail Address or Create New Document
B30: The final version of this PIR will be submitted to the GEF Secretariat.
B31: The report will then be publicly available on the GEF website (click here). | M31: 4. Edit the Display text if desired → OK.
B32: Sensitive information should be submitted in Annex to be uploaded separately.
B33: In such cases, please contact faogef-pir-support@fao.org for guidance.
M34: To move to the next line inside delimitated fields, press Alt+Enter in your keyboard.

Sheet 1. Basic project data
L1: To move to the next line inside each delimitated field, press Alt+Enter in your keyboard.
B2: 1. Basic Project Data | L2: Guidance
B3: General Information | L3: Refer to FPMIS and the approved (CEO Endorsed) Project Document to find the information requested in this section.
B4: Region: | E4: Europe and Central Asia (REU) | L4: Choose REGION from the drop-down menu (only one option possible)
B5: Country(ies): | E5: Kyrgyzstan | L5: Include one or more PROJECT COUNTRIES
B6: Project Title: | E6: Implementation of the National Biosafety Mechanism in the Kyrgyz Republic in accordance with the Cartagena Protocol on Biosafety
B7: FAO Project Symbol: | E7: GCP/KYR/023/GFF
B8: GEF ID: | E8: 10813 | L8: Consult FPMIS to obtain the GEF ID
B9: Type of Trust Fund(s): | E9: GFF | L9: Inform the Type(s) of GEF Trust Fund(s) (CBIT, LDCF, SCCF, GBFF, GFF or SGP). One project may be funded by more than one GEF TF.
B10: GEF Focal Area(s): | E10: Biodiversity | L10: Inform the project's GEF FOCAL AREA(S). For Multi-Focal Area projects, include "MFA" and the specific focal areas.
B11: Project Executing Partners: | E11: FAO; Ministry of Natural Resources, Ecology and Technical Supervision of the Kyrgyz Republic (MNRETS KR); Ministry of Water Resources, Agriculture and Processing Industry of the Kyrgyz Republic (MWRAPI KR); Central Asian Regional Environmental Centre (CAREC); Center for Standardization and Metrology (Kyrgyzstandart); Institute of Biotechnology, National Academy of Sciences of the Kyrgyz Republic; Kyrgyz National Agrarian University (KNAU); United Nations Office for Project Services (UNOPS) | L11: Include all the PROJECT EXECUTING PARTNERS here.
B12: Initial project duration (years): | E12: 3 | L12: Consult FPMIS for the initial project duration. Ensure the info is accurate.
B13: Project Dates | L13: Consult FPMIS and the Prodoc for the PROJECT DATES information
B14: GEF CEO Endorsement Date: | E14: 44721 | L14: INCLUDE ALL DATES IN THE FORMAT DD/MM/YYYY
B15: Actual Agency Approval Date | E15: 44650
B16: Project Implementation Start Date/EOD: | E16: 44774
B17: First Disbursement Date | E17: 45012
B18: Planned Project End Date/NTE1: | E18: 45869 | L18: Consult the CEO Endorsed Prodoc for the planned NTE
B19: Revised project implementation End date (if approved)2: | E19: 46419 | L19: Consult FPMIS to include the updated NTE
B20: Actual Completion Date:
B21: Expected Financial Closure Date: | E21: 46784
B22: Funding
B23: GEF Grant Amount (USD): | E23: 1502511 | L23: Consult FPMIS or the CEO Endorsed Prodoc for the GEF GRANT AMOUNT
B24: Total GEF grant delivery (as of June 30, 2026 (USD): | E24: 1420174.6 | L24: The TOTAL GEF GRANT DELIVERY information will be provided in early July 2025 by the GEF Coordination Unit to all GTOs
B25: Total Co-financing amount (USD)3: | E25: ='13. Co-Financing Table'!K19 -> 3000000
B26: Total estimated co-financing materialized as of June 30, 2026: | E26: ='13. Co-Financing Table'!N19 -> 1500000 | L26: The TOTAL CO-FINANCING AMOUNT and the AMOUNT MATERIALIZED AT 30 JUNE will be automatically filled once the co-financing table (section 13) is completed
B27: M & E Milestones
B28: Date of Last Project Steering Committee (PSC) Meeting: | E28: Project oversight committee membership renewed in 2025 (new chairmanship at deputy-minister level); the Interministerial Working Group convened during the period to coordinate biosafety implementation. | L28: Inform the DATE OF LAST PROJECT STEERING COMMITTEE MEETING.
B29: Expected Mid-term Review date5: | E29: N/A | L29: The other info in this section will be completed by the GEF Coordination Unit
B30: Actual Mid-term review date (if already completed): | E30: N/A
B31: Expected Terminal Evaluation Date6: | E31: 46235 | L31: Inform the EXPECTED TERMINAL EVALUATION DATE. It is expected to start 6 months before the NTE.
B32: Overall ratings
B33: Overall rating of progress towards achieving objectives/outcomes (cumulative): | E33: =_xlfn.XLOOKUP(DevScore, NumRating, TxtRating, "Not Rated") -> Satisfactory (S) | L33: The OVERALL RATINGS will be AUTOMATICALLY completed here, when the corresponding sections are completed.
B34: Overall implementation progess rating: | E34: =_xlfn.XLOOKUP(ImpScore, NumRating, TxtRating, "Not Rated") -> Satisfactory (S) | L34: (data is pulled from sections 2, 3 and 6 of this report)
B35: Overall risk rating: | E35: ='6. Risks to the Project'!C46 -> Moderate | L35: (If these ratings are not automatically completed after you complete the sections mentioned above, contact our helpline)
B36: Status
B37: Implementation Status (1st PIR, 2nd PIR, etc. Final PIR): | E37: 3rd PIR | L37: Select the option from the drop-down menu. The “Final PIR” should report on the implementation period that ended on or before 30 June 2025. Projects with NTE date beyond 30 June 2025 may have to prepare a PIR also next year.
B40: 1 Date that was originally foreseen at the project’s operationalization and indicated in FPMIS. 2 If NTE extension has been requested and approved by the FAO-GEF Coordination Unit. 3 This is the total amount of co-financing as included in the CEO Document/Project Document. 4 Please refer to the Section 13 of this report where updated co-financing estimates are requested and indicate the total co-financing amount materialized. 5 The Mid-Term Review (MTR) should take place after the 2nd PIR, around half-point between EOD and NTE. The MTR report in English should be submitted to the GEF Secretariat within 4 years of the CEO Endorsement date. 6 The Terminal Evaluation date should be discussed with OED 6 months before the project’s NTE date.
B45: Project Contacts
B46: Contact | E46: Name, Title, Division/Institution | I46: E-mail
B47: Project Coordinator (PC) | E47: Cholpon Alibakieva, National Chief Technical Advisor | I47: cholpon.alibakieva@fao.org | L47: Provide the names and contact details as requested
B48: Budget Holder (BH) | E48: Oleg Guchgeldiyev, FAO Representative in KR | I48: oleg.guchgeldiyev@fao.org
B49: GEF Operational Focal Point (GEF OFP) | E49: Mirslav Amankulov, Deputy Minister of Natural resources, ecology and technical supervision of the KR | I49: international@mnr.gov.kg
B50: Lead Technical Officer (LTO) | E50: Carolina Rizzi Starr, Agricultural Officer | I50: carolina.starr@fao.org
B51: GEF Technical Officer (GTO) | E51: Kaan Basaran, REU-GEF Support Specialist | I51: Kaan.Basaran@fao.org
B54: Key Project Management Unit Personnel
L55: To complete KEY-PROJECT MANAGEMENT UNIT PERSONNEL
B56: Please indicate the composition of the PMU as per the Terms of Reference in the ProDoc. If any new position was establised during the project implementation, please insert it accordingly. | L56: Refer to the CEO Endorsed Prodoc to find the information about the positions to be filled.
L58: Was the position filled? Use the drop down-menu to select yes or no.
B59: Position planned (as per ProDoc) | E59: Position filled (Yes/No) | F59: Start date, Name, Contact | J59: Comments
B61: Biodiversity Specialist FAO Regional Office for Europe and Central Asia (REU) | E61: Yes | F61: Sarah ZanonAgapitoTenfen, sarah.zanonagapitotenfen@fao.org
B63: International - Expert on Cartagena Protocol and biosafety policy | E63: Yes | F63: Lim Li Ching - ching@twnetwork.org
B64: National - Chief Technical Advisor / Project Coordinator | E64: Yes | F64: Cholpon Alibakieva - cholpon.alibakieva@fao.org
B66: National - Monitoring & Evaluation Expert (incl. MTR) | E66: Yes | F66: Gulnaz Kaalykova - gulnaz.kaalykova@fao.org
B68: National - Gender Expert | F68: Guzel Bekenova - guzel.bekenova@fao.org
B70: National - Communications and Public Awareness Expert | E70: Yes | F70: Evgeniy Pechurin - evgeniy.pechurin@fao.org
L71: Questions? Contact our support: faogef-pir-support@fao.org

Sheet _Calc
A1: Rating text | B1: Score
A2: Highly Unsatisfactory (HU) | B2: 1
A3: Unsatisfactory (U) | B3: 2
A4: Moderately Unsatisfactory (MU) | B4: 3
A5: Moderately Satisfactory (MS) | B5: 4
A6: Satisfactory (S) | B6: 5
A7: Highly Satisfactory (HS) | B7: 6
A8: Unknown | B8: 0
A9: Not Rated | B9: 0
D12: for DevScore
D13: Person | E13: PM/Coord | F13: Budget Holder | G13: LTO | H13: GEF OFP | I13: GTO
D14: Weight % | E14: 20 | F14: 25 | G14: 25 | H14: 0 | I14: 30
D15: For ImpScore
D16: Person | E16: PM/Coord | F16: LTO | G16: GEF OFP | H16: GTO
D17: Weight % | E17: 25 | F17: 35 | G17: 0 | H17: 40
A19: Once you've filled in 2. Progress towards outcomes & 3. Implementation Progress
A20: Please double click and press enter on Cells D20 and D21 | D20: {=_xlfn.LET(_xlpm.hdrRow,MATCH("*Development*Objective*rating*",'2. Progress towards outcomes'!$C:$C,0),_xlpm.rRow,_xlpm.hdrRow+1,_xlpm.ratings,INDEX('2. Progress towards outcomes'!$D:$H,_xlpm.rRow,0),_xlpm.scores,_xlfn.XLOOKUP(_xlpm.ratings,TxtRating,NumRating,0),ROUND(SUMPRODUCT(_xlpm.scores,Weights)/SUM(Weights),0))} -> 5
D21: {=ROUND( SUMPRODUCT( _xlfn.XLOOKUP( CHOOSE({1,2,3,4}, '3. Implementation Progress'!D56, '3. Implementation Progress'!F56, '3. Implementation Progress'!H56, '3. Implementation Progress'!L56 ), TxtRating, NumRating, 0 ), Weights2 ) / SUM(Weights2), 0)} -> 5

Sheet 2. Progress towards outcomes
B1: 2. Progress towards Achieving Project Objective(s) (Development objective)
B3: (All inputs in this section should be cumulative from project start, not annual)
B6: Please indicate the project’s main progress towards achieving its objective(s) and the cumulative level of achievement of each outcome since the start of project implementation.
B7: Project or Development Objective | C7: Outcomes | D7: Outcome indicators | E7: Baseline | F7: Mid-term Target | G7: End-of-project Target | H7: Cumulative progress level at 30 June 2026 | I7: % of cumulative progress | J7: Progress rating
B8: Component 1: Development and operationalization of biosafety policy, regulatory and institutional framework | C8: Outcome 1.1 Policy and regulatory biosafety framework completed and aligned with the rights and obligations under the Convention on Biological Diversity and the Cartagena Protocol on Biosafety | D8: Established process to reconcile various biosafety draft laws with a view to adopting a national biosafety policy, inclusive of liability and redress issues | E8: There has been previous process established to deal with biosafety policy and law; this can be reactivated | F8: Process established | G8: Process completed | H8: Law of KR “On Biological Safety” was adopted in 23 Jan 2025; process established to reconcile biosafety by-laws; package of subsidiary normative legal acts and a draft Cabinet resolution on the National Coordination Council for the handling of GMOs under preparation. | I8: 0.9 | J8: Satisfactory (S)
D9: National regulations and sectoral rules integrating and operationalizing biosafety principles and objectives | E9: Current regulations and rules do not comprehensively integrate and operationalize biosafety Document on Biosafety | F9: Draft regulations and rules | G9: Final regulations and rules | H9: Draft sectoral rules/guidelines advanced with the Organic Agriculture department; package of normative legal acts implementing the Cartagena Protocol under consultation. | I9: 0.8 | J9: Satisfactory (S)
D10: Increased capacity for biosafety policy and regulatory implementation across relevant institutions, in line with national laws and policies | E10: There is no or little capacity | F10: Planning and material developed for two capacitiy building workshops | G10: Capacity has been built for at least 120 government officials via two capacity building workshops | H10: Capacity-building delivered through trainings and seminars on detection/ identification, risk assessment, border control, socio-economic considerations and labelling for government officials, with gender-balanced participation. | I10: 1 | J10: Satisfactory (S)
C11: Outcome 1.2: Administrative systems and institutional arrangements for biosafety implemented at the national level | D11: Functioning national technical and decision making bodies | E11: There are no technical and decision making bodies | F11: Technical and decision-making bodies established with governance provisions for at least 30 percent women/ youth/ ethnic minorities’ representatives | G11: Draft document of technical and decision making bodies fully functioning, comprising at least 30 percent women/ youth/ ethnic minorities’ representatives | H11: Interministerial Working Group functioning; draft Cabinet resolution establishing the National Coordination Council for the handling of GMOs advanced; project oversight committee membership renewed. Governance measures for inclusion: the founding instruments of the technical and decision-making bodies (draft Cabinet resolution / terms of reference for the National Coordination Council on the handling of GMOs) incorporate provisions for at least 30% representation of women, youth and ethnic minorities. Gender- and diversity-sensitive nomination criteria are communicated to nominating agencies, a gender-and-biosafety focus is embedded in the bodies' terms of reference, and membership is tracked with sex-disaggregated data. (Specific quota wording to be confirmed against the final adopted regulation.) | I11: 0.9 | J11: Satisfactory (S)
B12: Component 2: Development of national capacity for the operationalization of biosafety measures in compliance with the Cartagena Protocol on Biosafety | C12: Outcome 2.1: National capacity for LMO risk assessment, risk management and monitoring enhanced | D12: Agreed risk assessment procedures and mechanisms developed. Risk assessment, risk management and monitoring performed as required by the Cartagena Protocol | E12: There are no risk assessment procedures and mechanisms according to the Cartagena Protocol | F12: Draft technical procedures and mechanisms for LMO risk assessment, risk management and monitoring | G12: Final technical procedures and mechanisms for LMO risk assessment, risk management and monitoring | H12: Technical guidelines on risk assessment, risk management and monitoring (incl. emergency response) developed and applied in trainings. | I12: 0.9 | J12: Satisfactory (S)
D13: Functioning risk assessment, risk management and monitoring institutional mechanisms, including functioning contingency protocols | E13: There are no institutional mechanisms and contingency protocols functioning | F13: Establishment of institutional mechanisms and contingency protocols for LMO risk assessment, risk management and monitoring | G13: Functioning institutional mechanisms and contingency protocols for LMO risk assessment, risk management and monitoring | H13: Institutional mechanisms and contingency protocols under establishment; procedures integrated into draft regulations and reinforced through trainings. | I13: 0.8 | J13: Satisfactory (S)
C14: Outcome 2.2 National capacity for LMO identification, detection and enforcement enhanced | D14: Two functioning laboratories for LMO analysis | E14: There is no functioning laboratory to perform LMO analysis according to the Cartagena Protocol | F14: Planning of new LMO routines and purchase of necessary equipment | G14: New laboratory routines established and functioning new equipment. | H14: Five profile laboratories prepared their premises; modern equipment, consumables and diagnostic test systems delivered through the UN2UN agreement with UNOPS; laboratory personnel trained (commissioning and remaining practical trainings under the no-cost extension). | I14: 0.9 | J14: Satisfactory (S)
C15: Outcome 2.3: Gender-sensitive public awareness, education and public participation in decision-making on biosafety enhanced | D15: Gap analysis and proposal for modification of curricula to include relevant biosafety topics | E15: Current educational curricula do not include biosafety topics | F15: Gap analysis of existing curricula | G15: Proposal for modification of curricula developed, in consultation with Ministry of Education and Science and relevant academic institutions | H15: Awareness, education and participation outputs advanced; biosafety curricula development progressed with KNAU; public-participation mechanisms reflected in the draft policy. | I15: 0.9 | J15: Satisfactory (S)
B16: Component 3: Knowledge sharing process | C16: Outcome 3.1: Gender-sensitive project monitoring system operational and providing systematic information on progress in meeting the project outcome and output targets | D16: Functioning M&E system and global environmental benefits and co-benefits established | E16: There is no M&E system | F16: Project monitoring system that includes sex-disaggregated data established | G16: Project performance assessed and lessons learned | H16: M&E plan operational; six-monthly progress reports produced; gender-disaggregated participation data tracked. | I16: 1 | J16: Satisfactory (S)
C17: Outcome 3.2: Knowledge and results shared with relevant actors | D17: Timely reporting to the Cartagena Protocol Process to share knowledge arising from the project established | E17: Two National Reports have been submitted. There is no process | F17: Submission of the delayed Fourth National Report. Process established | G17: Gathering of information and preparation for the Fifth National Report Process utilized to share knowledge | H17: 4th National Report submitted; 5th National Report in preparation; knowledge-sharing channels (CBD/BCH) established and being used. | I17: 0.9 | J17: Moderately Satisfactory (MS)
B19: Average Cumulative progress toward outcomes (%) | C19: Time elapsed since project start/EOD vs Planned Project End Date | D19: % of delivery
B20: =IFERROR(AVERAGE(I8:I17),"") -> 0.9 | C20: =IF(OR('1. Basic project data'!E16="",'1. Basic project data'!E18=""),"",(TODAY()-'1. Basic project data'!E16)/('1. Basic project data'!E18-'1. Basic project data'!E16)) -> 1.3643836 | D20: =IF('1. Basic project data'!E23=0,"",'1. Basic project data'!E24/'1. Basic project data'!E23) -> 0.94520081
B31: Development Objective (DO) Ratings, and Overall Assessment
B32: Please note that the overall DO ratings should be substantiated by evidence and progress reported above. The ratings and comments should reflect the overall progress of results since project start
C34: FY2026 Development Objective rating¹ | D34: Project Manager/ Coordinator | E34: Budget Holder | F34: Lead Technical Officer13 | G34: GEF Operational Focal Point | H34: GEF Technical Officer (GTO)
D35: Satisfactory (S) | E35: Satisfactory (S) | F35: Satisfactory (S) | G35: Satisfactory (S) | H35: Satisfactory (S)
C36: Comments/reasons¹² justifying the ratings for FY2026 and any changes (positive or negative) in the ratings since the previous reporting period | D36: Most project outcomes are progressing in line with the approved results framework. The biosafety legal and institutional framework has advanced significantly, including adoption of the framework law, preparation of subsidiary regulations and progress toward establishing the National Coordination Council. Capacity-building activities have been completed, laboratory equipment has been delivered, and gender-disaggregated monitoring is operational. Remaining activities should focus on formalizing institutional mechanisms, completing practical laboratory training and documenting the project’s sustainability and exit strategy | E36: Project resources have supported the delivery of key technical, institutional and capacity-development outputs. Major procurement, including laboratory equipment, consumables and diagnostic systems, has been completed through the UN2UN agreement with UNOPS. The remaining budget should be closely aligned with the no-cost extension workplan, with particular attention to equipment commissioning, practical training, final regulatory outputs, knowledge products and project closure requirements. | F36: Technical implementation remains on track despite delays related to institutional turnover and procurement. Guidelines on risk assessment, risk management, monitoring and emergency response have been developed and incorporated into training and draft regulatory instruments. Laboratory readiness and technical capacity have also substantially improved. During the remaining implementation period, priority should be given to finalizing technical procedures, commissioning equipment and ensuring that the institutional mechanisms become fully operational. | G36: The project has made substantial progress toward strengthening the national biosafety system and fulfilling the country’s obligations under the Cartagena Protocol. The framework law is in force, implementing regulations are being developed, technical and decision-making arrangements are advancing, and national capacities have been strengthened. In the final stage, emphasis should be placed on formal adoption of the governance mechanisms, clear allocation of institutional responsibilities and continued inclusion of women, youth and ethnic minorities in technical and decision-making bodies. | H36: The project is making good progress toward its targets and is expected to achieve its overall objective within the revised timeframe. Key achievements include strengthened policy and regulatory frameworks, enhanced institutional and laboratory capacities, operational monitoring arrangements and improved knowledge sharing. The final year should focus on completing pending outputs, documenting improved capacities, formalizing institutional arrangements, strengthening the exit strategy and clearly demonstrating how gender and social inclusion measures have been applied and monitored.
B41: Measures to address MS, MU, U and HU ratings on Section 2 above
B44: Outcome | D44: Action(s) to be taken | F44: By whom? | H44: By When?
B53: 7 Some indicators may not identify mid-term targets at the design stage (refer to approved results framework) therefore this column should only be filled when relevant. 8 Use GEF Secretariat required six-point scale system: Highly Satisfactory (HS), Satisfactory (S), Moderately Satisfactory (MS), Moderately Unsatisfactory (MU), Unsatisfactory (U), and Highly Unsatisfactory (HU).

Sheet Countries
A1: Select Country
A2: Afghanistan
A3: Åland Islands
A4: Albania
A5: Algeria
A6: American Samoa
A7: Andorra
A8: Angola
A9: Anguilla
A10: Antarctica
A11: Antigua and Barbuda
A12: Argentina
... A250: Zimbabwe

Sheet TypeofTrustFund
A1: Type of Trust Fund
A2: Capacity-building Initiative for Transparency (CBIT)
A3: Global Biodiversity Framework Fund (GBFF)
A4: Global Environment Facility Trust Fund (GFF)
A5: Least Developed Countries Fund (LDCF)
A6: Special Climate Change Fund (SCCF)
A7: Small Grants Program (SGP)

Sheet FocalArea
A1: Focal Area
A2: Multi Focal Area
A3: Biodiversity
A4: Chemicals and Waste
A5: Chemicals/PoPs
A6: Climate Change
A7: Climate Change Adaptation
A8: Climate Change Mitigation
A9: International Waters
A10: Land Degradation

Sheet 3. Implementation Progress
B1: 3. Implementation Progress (IP)
O2: To move to the next line inside each delimitated field, press Alt+Enter in your keyboard.
B3: (Please indicate progress achieved during this FY as per the Implementation Plan/Annual Workplan)
B5: Outcomes and outputs | D5: Indicators (as per the logical framework) | F5: Main achievements in the last 12 months (please DO NOT repeat results reported in previous year PIR) | L5: Describe any variance 9 in delivering outputs | O5: Guidance :
B7: Outcome 1. | O7: The IMPLEMENTATION PROGRESS RATING should reflect the extent to which the implementation of the project’s components (outcomes) and activities (outputs) are in compliance with the approved implementation plan.
B8: Output 1.1 | D8: National regulations and sectoral rules integrating and operationalizing biosafety principles and objectives | F8: [1.1.1] Following adoption of the framework Law “On Biological Safety”, a package of subsidiary normative legal acts was prepared and a draft Cabinet resolution establishing the National Coordination Council for the handling of GMOs advanced; consultations with the Organic Agriculture department advanced draft sectoral rules/guidelines. [1.1.2] The analysis and position paper was prepared [1.1.3] The policy analysis completed. Consultations, drafting and finalization of additional regulations/rules/guidelines were made. | L8: [1.1.1] On track. [1.1.2] Completed [1.1.3] Completed partly | O8: For more details, consult the GEF Policy on Project Monitoring (click here)
O10: Include OUTCOMES and INDICATORS as per the project Results Framework. They may have been updated in a project revision.
O11: New Outcomes can only be included if they were updated in an approved project revision.
B12: Output 1.2 | D12: National biosafety website established to facilitate the exchange of scientific, technical, environmental and legal information on LMOs at the national level | F12: [1.2.2] CAREC hired the company which developed content for the national biosafety website. There has been completed website, testing or launch was documented. [1.2.1] International legal expert was actively involved to support project team with drafting centralized administrative system with clear workflows and procedures. Responsible agencies identified; procedural guidelines for differentiated LMO applications developed and are being under consideration among the ministries and agencies | L12: [1.2.2] Completed [1.2.1] In progress
O13: Under each outcome, include the main OUTPUTS delivered during the Fiscal Year as per the project's Logframe.
O14: New outputs can only be included if they were updated in an approved project revision.
B16: Outcome 2
B17: Output 2.1 | D17: Procedures and mechanisms for assessing environmental and health risks of LMOs developed and validated by the national authorities responsible for different uses of LMOs | F17: Work under this output focused on developing risk-management and monitoring procedures and capacities. Technical guidelines and procedures on risk assessment, risk management and monitoring — including emergency-response/contingency elements — were developed and applied in trainings; institutional mechanisms and contingency protocols for responding to LMO-related incidents are under establishment and are being integrated into the draft biosafety regulations. Consultations with the relevant ministries and agencies informed the procedures. (Provision of laboratory equipment is reported under Output 2.2 / laboratory adaptation.) | L17: Institutional mechanisms and contingency protocols are still being finalized and formally adopted; completion is expected under the no-cost extension.
B21: Output 2.1.1 | D21: Functioning procedures and mechanisms for assessing environmental and health risks of LMOs developed and validated | F21: Practical seminars on GMO detection/identification delivered under the LoA with Kyrgyzstandard; border-control monitoring training carried out; a roadmap for a national training centre developed. | L21: Remaining practical (equipment-based) training scheduled under the no-cost extension.
B22: Output 2.2 | D22: LMO border control tasks performed by customs officers, with access to guidance to detect and identify LMOs | F22: [2.2.1] Under the LoAs with Kyrgyzstandard and the Institute of Biotechnology, the consultations with relevant ministries and agencies were held. Laboratory facilities are equiped [2.2.2] Under the LoAs with Kyrgyzstandard and the Institute of Biotechnology, the consultations with relevant ministries and agencies were held. Laboratory facilities are equiped [2.2.4] The workshop was conducted under the LoA with Kyrgyzstandard Under the UN2UN agreement with UNOPS, modern laboratory equipment, consumables and diagnostic test systems were procured and delivered, and five profile laboratories prepared their premises for LMO analysis. | L22: [2.2.1] All key equipment were provided. [2.2.2] All trainings were duly held Procurement timing under UNOPS delayed equipment delivery; mitigated via a no-cost extension.
D23: Roadmap for National Training Centre on LMO risk assessment, risk management and monitoring developed | F23: All activities were made under the LoA with Kyrgyzstandart. | L23: Completed
B24: Output 2.3.1 | D24: Public awareness and participation strategy developed in accordance with obligations under the Aarhus Convention, Cartagena Protocol on Biosafety and the law "On access to info under the jurisdiction of state bodi | F24: [2.3.1] Under the LoA with CAREC, consultations with relevant ministries and agencies made. Public awareness and participation strategy has been prepared and presented to the members of IMWG and PSC [2.3.2] Under the LoAs with the Institute of Biotechnology and CAREC, key stakeholder groups, including family farmers, policy makers, academia, civil society, private sector and women, have been identified. The trainings were held for all stakeholders. | L24: On track
B25: Output 2.3.3 | D25: Gap analysis and proposal for modification of curricula to include relevant biosafety topics | F25: Under the LoA with KNAU, the curricula focusing on biosafety issues were introduced | L25: Completed
B26: Output 2.3.4 | D26: Public gender- balanced participation mechanisms as part of the authorization process | F26: Under the LoAs, CAREC and the Institute of Biotechnology were involved in identifying public gender-balanced participation mechanisms. | L26: In progress
B29: Output 2.4 | D29: Capacity on socio- economic considerations built among relevant government agencies and ministries in accordance with gender equality and social inclusion principles | F29: [2.4.1] Under the LoAs, Kyrgyzstandard and CAREC will organize the gender workshop at the end of 2026 [2.4.2] The socio-economic analysis was prepared | L29: In progress
B30: Output 2.4.3 | D30: Labeling implemented for LMO food and feed, to enable adequate consideration of public choice and in alignment with the relevant EAEU technical regulations | F30: Gap identification analysis was done, Draft technical guidelines of LMO labelling requirements prepared | L30: Under consideration among ministries and agencies
B31: Outcome 3.
B32: Output 3.1.1 | D32: Development of a performance framework (M&E plan) defining roles, responsibilities, and frequency for collecting and compiling data to assess project performance | F32: Six-monthly progress reports prepared and submitted; participation tracked with sex disaggregation. | L32: In progress
B36: Output 3.2.1 | D36: Outcomes of this project shared with inter alia, the CBD Secretariat, other Parties to the Cartagena Protocol, particularly from the region, and other stakeholders | F36: Under the LoAs, Kyrgyzstandard, CAREC and the Institute of Biotechnology as responsible actors shared communication products of project outcomes. | L36: In progress
B40: Output 3.2.2 | D40: Submission of National Reports on implementation of the Cartagena Protocol on Biosafety | F40: The Fifth National Report prepared and submitted on March 2026 | L40: Completed
B44: Output 3.2.3 | D44: Submission of project reports and other relevant information to the Biosafety Information Resource Centre | F44: All necessary project reports are periodically and duly submitted | L44: In progress
P48: Completion of the IMPLEMENTATION PROGRESS rating table:
B50: Implementation Progress (IP) , and Overall Assessment
B52: Please note that the overall IP ratings should be substantiated by evidence and progress reported above. The ratings and comments shoud reflect the overall progress of results during the fiscal year (July 1 2025, to June 30, 2026)
D53: Project Manager/ Coordinator | F53: Lead Technical Officer | H53: Budget Holder | J53: GEF Operational Focal Point (OFP) | L53: GEF Technical Officer (GTO)
P54: When rating, consider the achievements reported above.
B56: FY2026 Implementation Objective rating10 | D56: Satisfactory (S) | F56: Satisfactory (S) | H56: Satisfactory (S) | J56: Satisfactory (S) | L56: Satisfactory (S) | P56: Ratings should reflect progress (not efforts). Giving high rates for initiatives that have low progress hurts FAO credibility and should be avoided.
P58: Efforts can and should be included in the SUMMARY section and in the table above. These information will provide context to the ratings.
B59: Comments/reasons justifying the ratings for FY2026 and any changes (positive or negative) in the ratings since the previous reporting period | D59: Most project components were implemented in substantial compliance with the approved workplan. Key achievements included progress on subsidiary biosafety regulations, advancement of the National Coordination Council, completion of the national biosafety website, delivery of technical trainings, laboratory equipment provision, awareness activities and submission of the Fifth National Report. The main variance related to delayed UNOPS procurement, which was addressed through a no-cost extension | F59: Technical implementation remained on track despite institutional changes and procurement delays. Technical guidelines, legal and institutional arrangements, laboratory capacity, training activities and the roadmap for a national training centre were substantially advanced. Remaining equipment-based practical training and finalization of selected procedures should be completed during the extension period. | H59: Project resources supported the delivery of the main planned outputs, including legal and policy work, laboratory equipment, technical assistance, training and public-awareness activities. Procurement delays affected the original implementation schedule but were mitigated through the no-cost extension. Remaining resources should be closely aligned with pending practical training, final technical outputs and project-closure activities. | J59: The project has made important progress in strengthening the national biosafety framework and institutional capacity. Policy and regulatory instruments, public participation mechanisms, laboratory facilities, awareness activities and socio-economic guidance have advanced. Priority should now be given to formal approval of the outstanding institutional and regulatory arrangements and to ensuring their continued national ownership after project completion. | L59: Implementation of most components is in substantial compliance with the revised workplan. The project has achieved significant progress in regulatory development, technical capacity-building, laboratory preparedness, public participation, monitoring and knowledge sharing. The remaining period should focus on completing pending activities, documenting results and lessons learned, strengthening sustainability arrangements and demonstrating the practical application of gender equality and social inclusion measures
P61: How to collect the ratings: The LTO will consult the HQ technical officer and all other supporting technical Units.
P62: The Budget Holder will consult the GEF Operational Focal Point in each country to collect comments.
P63: In case the GEF OFP didn’t provide his/her comments, please explain the reason.
P65: Choose the FY 2025 IMPLEMENTATION OBJECTIVE RATING from the drop-down menu
P66: To help you rate, refer to the rating categories and definitions in the GEF Secretariat six-points scale below:
P70: GEF Performance Ratings Definitions
P71: Implementation Progress Rating. A rating of the extent to which the implementation of a project’s components and activities is in compliance with the project’s approved implementation plan.
P72: Highly Satisfactory (HS) | R72: Implementation of all components is in substantial compliance with the original/formally revised implementation plan for the project. The project can be resented as “good practice”
P73: Satisfactory (S) | R73: Implementation of most components is in substantial compliance with the original/formally revised plan except for only a few that are subject to remedial action
P74: Moderately Satisfactory (MS) | R74: Implementation of some components is in substantial compliance with the original/formally revised plan with some components requiring remedial action
P75: Moderately Unsatisfactory (MU) | R75: Implementation of some components is not in substantial compliance with the original/formally revised plan with most components requiring remedial action.
B76: 9 Variance refers to the difference between the expected and actual progress at the time of reporting. 10 Implementation Progress Rating – A rating of the extent to which the implementation of a project’s components and activities is in compliance with the projects approved implementation plan. | P76: Unsatisfactory (U) | R76: Implementation of most components is not in substantial compliance with the original/formally revised plan
P77: Highly Unsatisfactory (HU) | R77: Implementation of none of the components is in substantial compliance with the original/formally revised plan.
P81: Questions? Contact our support: faogef-pir-support@fao.org

Sheet 4. Summary_Progress & Challenge
B2: 4. Summary on progress and challenges | N2: To move to the next line inside the delimitated field, press Alt+Enter in your keyboard.
B3: Please provide a summary paragraph on project implementation progress consistent with the information reported in section 2 and 3 of the PIR (Max 400 words) (This section will be uploaded to the GEF portal) | N3: Guidance
B5: During the reporting period from 1 July 2025 to 30 June 2026, the project continued to strengthen the legal, institutional and technical basis for implementation of the national biosafety mechanism in the Kyrgyz Republic. Implementation progress is assessed as satisfactory, with several outputs completed or moving forward in accordance with the approved LogFrame. The adoption of the framework Law “On Biological Safety in the Kyrgyz Republic” created an important legal foundation for fulfilling the country’s obligations under the Cartagena Protocol on Biosafety. Building on this, the project supported the preparation of subsidiary normative legal acts, including a draft Cabinet resolution on the establishment of the National Coordination Council for handling GMOs, and contributed to stronger inter-agency coordination through the Interministerial Working Group. A national biosafety website was also developed to support access to and exchange of scientific, technical, environmental and legal information on LMOs. Significant progress was also achieved in strengthening national technical capacity. Through the UN2UN agreement with UNOPS, modern laboratory equipment, consumables and diagnostic test systems were procured and delivered, while five specialized laboratories began preparing their premises for LMO analysis. These investments were complemented by practical trainings on GMO detection and identification, border control, socio-economic considerations, labelling requirements and regional awareness-raising. Implementation was supported through Letters of Agreement with Kyrgyzstandard, CAREC and the Institute of Biotechnology of the National Academy of Sciences. In addition, a socio-economic analysis was prepared and a roadmap for establishing a national training centre was developed. The project positively benefited laboratory specialists, regulators, academic institutions and private-sector stakeholders, while maintaining gender-balanced participation, with women representing approximately 45–55 percent of participants. | N5: Inform here only the summary of PROGRESS
B17: Please provide a summary paragraph on challenges of project implementation consistent with the information reported in section 2 and 3 of the PIR (Max 400 words) (This section will be uploaded to the GEF portal)
N18: Inform here only the summary of CHALLENGES
B19: The key implementation challenge during the reporting period related to delays in the UN2UN procurement process with UNOPS. These delays affected the delivery schedule for laboratory equipment and, as a result, required adjustments to the timing of laboratory-based technical trainings. The issue was addressed through continued coordination with UNOPS and the approval of a no-cost extension until August 2026, enabling the project to complete the planned results without changes to the overall project design. In addition, a no-cost extension/additional agreement with Kyrgyzstandard was concluded until 31 December 2026 to allow sufficient time for conducting technical trainings following the delayed arrival of equipment. Institutional changes also remained a challenge, as frequent government reorganizations and turnover among senior management, particularly within MNRETS and MWRAPI, required continuous engagement to maintain institutional memory, ownership and commitment. Despite these challenges, the project team, supported by international and national experts, ensured continuity of key processes related to the implementation of the Cartagena Protocol on Biosafety. At this stage, no further corrective actions are required.
B26: Implementation of Exit Strategy
B28: Has the project developed an Exit Strategy? If yes, please describe the progress to implement it. | F28: Yes. Sustainability is built into the project design: the biosafety legal and institutional framework, the laboratory capacities and the trained human resources are anchored in national institutions. Implementation continues to transfer ownership to MNRETS, MWRAPI and partner bodies, and the no-cost extension enables consolidation of these results before closure. | N28: Indicate if the project has developed an EXIT STRATEGY for its sustainability. Describe the progress in its implementation.
B31: How is the project enhancing institutional capacities to foster country ownership for more durable / sustained results? | F31: Through government ownership (MNRETS as competent authority and the Interministerial Working Group), institutionalized decision-making bodies (draft National Coordination Council), capacity-building of ministries and laboratories based on assessed needs, cross-sectoral and multi-stakeholder coordination, and a roadmap for a national training centre to sustain and replicate training beyond the project. | N31: Describe project's efforts to enhance institutional capacity to foster country ownership and promote sustainability
N32: Some examples: (a) Training-of-Trainers approach to institutionalize, sustain and replicate training activities beyond the project duration;
N33: (b) enhancing capacities of national Ministries based on assessed needs; (c) fostering of cross-sectoral and multi-stakeholder coordination;
N34: (d) supporting producer organizations and community-based natural resources organizations throughout the project duration.
N45: Questions? Contact our support: faogef-pir-support@fao.org

Sheet 5. ESS Risk
M1: To move to the next line inside the delimitated field, press Alt+Enter in your keyboard.
B2: 5. Environmental and Social Safeguards (ESS): risks from the project | M2: Guidance
M3: Refer to the ESS PLAN included in the CEO Endorsed Prodoc and FAO ESM guidelines to complete this section.
B4: Initial ESS Risk Classification (at CEO Endorsement/Approval Stage) | E4: Environmental and Social Risk classification is defined as low risk | M4: For projects created in FPMIS before 23 June 2023 - refer to FAO Environmental and Social Management Guidelines (ESMG) (click here).
M5: Projects created thereafter - the new Framework for Environmental and Social Management (FESM) standards applies (click here) | N5: https://openknowledge.fao.org/server/api/core/bitstreams/ec26b74f-4470-4e40-a7c6-aa07d7c96f6f/content | O5: https://openknowledge.fao.org/server/api/core/bitstreams/ec26b74f-4470-4e40-a7c6-aa07d7c96f6f/content | P5: https://openknowledge.fao.org/server/api/core/bitstreams/ec26b74f-4470-4e40-a7c6-aa07d7c96f6f/content | Q5: https://openknowledge.fao.org/server/api/core/bitstreams/ec26b74f-4470-4e40-a7c6-aa07d7c96f6f/content | R5: https://openknowledge.fao.org/server/api/core/bitstreams/ec26b74f-4470-4e40-a7c6-aa07d7c96f6f/content | S5: https://openknowledge.fao.org/server/api/core/bitstreams/ec26b74f-4470-4e40-a7c6-aa07d7c96f6f/content | T5: https://openknowledge.fao.org/server/api/core/bitstreams/ec26b74f-4470-4e40-a7c6-aa07d7c96f6f/content | U5: https://openknowledge.fao.org/server/api/core/bitstreams/ec26b74f-4470-4e40-a7c6-aa07d7c96f6f/content | V5: https://openknowledge.fao.org/server/api/core/bitstreams/ec26b74f-4470-4e40-a7c6-aa07d7c96f6f/content | W5: https://openknowledge.fao.org/server/api/core/bitstreams/ec26b74f-4470-4e40-a7c6-aa07d7c96f6f/content | X5: https://openknowledge.fao.org/server/api/core/bitstreams/ec26b74f-4470-4e40-a7c6-aa07d7c96f6f/content | Y5: https://openknowledge.fao.org/server/api/core/bitstreams/ec26b74f-4470-4e40-a7c6-aa07d7c96f6f/content
M6: Contact the ESM Unit (ESM-Unit@fao.org) to receive guidance and support on how to comply with safeguards requirements.
B7: New environmental and social risks. | E7: No new environmental and social risks were identified during this reporting period. The project remains low-risk; no safeguard standards were newly triggered.
M8: For the INITIAL ESS RISK CLASSIFICATION, consult the CEO Endorsed Prodoc
M10: FOR ALL PROJECTS
M11: Describe any NEW ENVIRONMENTAL AND SOCIAL RISKS identified in this reporting period.
M12: Indicate which safeguards standards were triggered in the policy that applies to the project.
B15: Progress made towards implementing the Enivronmental and Social Management Plan (ESMP) (only for Moderate and High Risk Projects) | E15: N/A (low-risk project; no ESMP required).
M16: MODERATE and HIGH RISK PROJECTS: describe the progress made towards implementing the Environmental and Social Management Plan (ESMP).
M18: Summarize the risks, their mitigation measures, and the status of their implementation, as described in the ESMP.
B23: Grievance Redress Mechanism (GRM) | E23: The grievance mechanism was communicated verbally (in local language) to stakeholders at trainings and consultations. No grievances were received or processed during the reporting period.
M24: Report on the effectiveness of the Grievance Redress Mechanism (GRM).
M26: Please specify if the GRM is receiving and processing complaints.
M28: If any grievance was received , please specify how it is being/has been addressed.
M54: Questions? Contact our support: faogef-pir-support@fao.org

Sheet 6. Risks to the Project
R1: To move to the next line inside the delimitated field, press Alt+Enter in your keyboard.
B2: 6. Risks to the Project | R2: Guidance:
B4: The following table summarizes risks identified in the Project Document and reflects also any new risks identified during the project implementation. | R4: To complete this section, consult the risk table included in the CEO Endorsed Prodoc
R5: Inform any new risks identified during the reporting year (not included in Prodoc)
C7: Type of risk | E7: Risk rating11 | F7: Identified in the ProDoc Y/N | G7: Description of Risk | L7: Mitigation measure implemented
R8: Choose the TYPE OF RISK from the drop-down menu
B9: 1 | C9: Political | E9: Moderate | F9: Yes | G9: Political instability and frequent changes in government and senior policy roles, creating uncertainty and risk to institutional memory and commitments. | L9: Inter-ministerial coordination sustained through the Interministerial Working Group; project oversight committee membership renewed; continuous engagement and awareness-raising with new officials maintained continuity.
R12: Choose the appropriate RISK RATING from the drop-down menu (as classified in the CEO Endorsed Prodoc)
B13: 2 | C13: Partnership & Coordination | E13: Moderate | F13: Yes | G13: Lack of close cooperation between key institutional stakeholders (environment, agriculture, health, trade, customs). | L13: Cooperation advanced through joint consultations, technical meetings and workshops; Letters of Agreement with Kyrgyzstandard, CAREC, and NAS formalized collaboration.
R16: Was the risk identified in the CEO Endorsed Prodoc? From the drop-down menu, select YES or NO (if it's a new risk)
B17: 3 | C17: Institutional | E17: Moderate | F17: Yes | G17: Low technical capacity for operationalizing biosafety policy and detection. | L17: A series of trainings on detection/identification, risk assessment, border control, socio-economic considerations and labelling delivered under Components 1 and 2.
R20: For each risk, inform mitigation actions planned and the progress in the implementation during this fiscal year
B21: 4 | C21: Economic | E21: Low | F21: Yes | G21: Insufficient financial and technical support for laboratories. | L21: Equipment, consumables and diagnostic test systems delivered via the UN2UN agreement with UNOPS; five laboratories preparing for LMO analysis; co-financing strategy maintained.
B25: 5 | C25: Legal & Regulatory | E25: Low | F25: Yes | G25: Challenges that prevented the previous biosafety law from being enacted may persist. | L25: Framework Law “On Biological Safety” in force; preparation of subsidiary NPAs and the National Coordination Council advanced to operationalize the framework; drafting Biosafety Law in accodance with Cartagena Protocol on biosafety | R25: Add lines as necessary to include all the risks identified. One risk per line.
B29: 6 | C29: Legal & Regulatory | E29: Moderate | F29: Yes | G29: Trade agreements that may oblige harmonization of biosafety regulations with non-Party trading partners. | L29: Addressed through inter-sectoral coordination (incl. trade authorities) and awareness activities; labelling work aligned with relevant (EAEU) regulations.
B33: 7 | C33: Social | E33: Low | F33: Yes | G33: Potential conflicts between the private sector and government agencies. | L33: Public awareness, education and participation activities engaged private-sector and civil-society actors; participation mechanisms reflected in the draft policy.
B37: 8 | C37: Operational & Logistical | E37: Moderate | F37: No | G37: Delay in the UN2UN procurement process (UNOPS) affecting equipment delivery and scheduling of laboratory-based trainings. | L37: Close coordination with UNOPS; no-cost extension of the LoA with Kyrgyzstandard and of the project NTE (to February 2027); equipment subsequently delivered to complete remaining activities.
B43: Project overall risk rating (Low, Moderate, Substantial or High):
B44: FY2025 rating | C44: FY2026 rating | D44: Comments/reason for the rating for FY2026 and any changes (positive or negative) in the rating since the previous reporting period
R45: Choose the FY 2024 RATING from the drop-down menu (same as informed in the 2024 PIR)
B46: Moderate | C46: Moderate | D46: Risk levels remain manageable. The main operational risk during FY2026 was the UNOPS procurement delay, which was mitigated through a no-cost extension; political/governance turnover continues to require active engagement. Overall risk is assessed Low-to-Moderate, with no risk expected to jeopardize achievement of objectives.
R47: (If this is the first PIR, the FY2024 RATING should be the same as the one included in the CEO Endorsed Prodoc)
R49: Choose the FY2025 RATING from the drop-down menu
R51: Add comments as needed
R52: GEF Performance Ratings Definitions
R53: Risk rating will assess the overall risk of factors internal or external to the project which may affect implementation or prospects for achieving project objectives. Risk of projects should be rated on the following scale:
R54: High Risk (H) | T54: There is a probability of greater than 75% that assumptions may fail to hold or materialize, and/or the project may face high risks.
R55: Substantial Risk (S) | T55: There is a probability of between 51% and 75% that assumptions may fail to hold or materialize, and/or the project may face substantial risks
R56: Moderate Risk (M) | T56: There is a probability of between 26% and 50% that assumptions may fail to hold or materialize, and/or the project may face only moderate risk
R57: Low Risk (L) | T57: There is a probability of up to 25% that assumptions may fail to hold or materialize, and/or the project may face only low risks
B58: 11 Risk ratings means a rating of the overall risk of factors internal or external to the project which may affect implementation or prospects for achieving project objectives. Risk of projects should be rated on the following scale: Low, Moderate, Substantial or High.
R66: Questions? Contact our support: faogef-pir-support@fao.org

Sheet 7. Follow-up on Mid-term review
B2: 7. Follow-up on Mid-term review or supervision mission | M2: To move to the next line inside the delimitated field, press Alt+Enter in your keyboard.
B4: If the project had an MTR or a supervision mission in 2025, please report on how the recommendations were implemented during this fiscal year as indicated in the Management Response or in the supervision mission report. | M4: Only projects that had an MTR or a supervision mission before or during the reporting Fiscal Year need to complete this section
M6: The goal of this section is to keep track of the actions taken during the reporting period to execute the MTR or supervision mission's recommendations.
B7: MTR or supervision mission recommendations | F7: Measures implemented during this Fiscal Year
B9: Recommendation 1: | F9: N/A | M9: Include the text of the RECOMMENDATIONS from the MTR or supervision report.
M10: For each recommendation, report on MEASURES IMPLEMENTED DURING THIS FISCAL YEAR
B11: Recommendation 2: | F11: N/A
B13: Recommendation 3: | F13: N/A
B15: Recommendation … | F15: N/A
B17: Recommendation… | F17: N/A
M54: Questions? Contact our support: faogef-pir-support@fao.org

Sheet 8. Minor project amendments
B2: 8. Minor project amendments | M2: To move to the next line inside the delimitated field, press Alt+Enter in your keyboard.
B4: Minor amendments are changes to the design or implementation that do not have significant impact on the project objectives or scope, or an increase of the GEF project financing up to 5% as described in Annex 9 of the GEF Project and Program Cycle Policy Guidelines 12. Please describe any minor changes that the project has made under the relevant category or categories and provide supporting documents as an annex to this report if available. (This section will be uploaded to the GEF Portal) | M4: Guidance:
M6: MINOR PROJECT AMENDMENTS are changes to the design or implementation that :
M7: do not have significant impact on the project objectives or scope , or
M8: that do increase the GEF project financing - up to 5%
B9: Category of change | D9: Provide a description of the change | I9: Indicate the timing of the change | J9: Approved by
B12: Results framework | D12: N/A | M12: Describe any MINOR CHANGES that the project has made under the relevant category or categories
M13: Provide supporting documents as an annex to this report, if available.
B14: Components and cost | D14: N/A
M15: The TIMING OF CHANGE : inform when the change was adopted (at least month/year)
B16: Institutional and implementation arrangements | D16: Implementation through Letters of Agreement with Kyrgyzstandard, CAREC, the Institute of Biotechnology (NAS), KNAU, and a UN2UN agreement with UNOPS. | I16: 2024–2026 | J16: FAO / FAO-GEF Coordination Unit
M17: Indicate WHO APPROVED the changes (Project Steering Committee, GEF Technical Officer, Lead Technical Officer etc.)
B19: Financial management | D19: N/A
B21: Implementation schedule | D21: No-cost extension of the project end date (NTE) from July 2025 to February 2027 to allow completion of laboratory-based activities affected by the procurement timeline. | I21: 2026 | J21: FAO-GEF Coordination Unit (to confirm) | M21: DO NOT report Major Amendments in the PIR (here). They are:
B23: Executing Entity | D23: N/A | M23: Changes in project design or implementation that have a significant impact on the project’s objectives or scope
B25: Executing Entity Category | D25: N/A | M25: Changes that result in an increase of the GEF project financing of more than 5%
B27: Minor project objective change | D27: N/A | M27: Major Amendments need to be cleared and approved by FAO as the implementing agency.
M28: Such changes also require approval by the GEF secretariat and the GEF Council
B29: Safeguards | D29: N/A
B31: Risk analysis | D31: Addition of an operational risk on UN2UN (UNOPS) procurement timing (see Section 6). | I31: 2024–2026 | J31: Project Task Force
B33: Increase of GEF project financing up to 5% | D33: N/A
B36: Co-financing | D36: N/A
B38: Location of project activity | D38: N/A
B40: Other minor project amendment (define) | D40: N/A
B49: 12 GEF Council meeting documents, guidelines, project and program cycle policy 2020 update
M58: Questions? Contact our support: faogef-pir-support@fao.org

Sheet 9. Stakeholders' Engagement
C2: 9. Stakeholders' Engagement | N2: To move to the next line inside the delimitated field, press Alt+Enter in your keyboard.
C4: Please report on progress, challeges, and outcomes on stakeholder engagement (based on the description of the Stakeholder Engagement Plan) included at CEO Endorsement/Approval during this reporting period. (This section will be uploaded to the GEF Portal)
N5: Guidance:
N7: Refer to the Stakeholder's Engagement Plan included in the CEO Endorsed Prodoc or to the Stakeholders’ Engagement section of the Project Document
C8: Profile | E8: Stakeholder name | G8: Type of partnership | H8: Progress, results & Challenges on Stakeholder's Engagement | N8: Stakeholders can include, among others, community-based organizations (CBOs), Indigenous Peoples organizations, women’s groups, private sector companies, farmers, universities, research institutions, and all major groups as identified, for example, in Agenda 21 of the 1992 Rio Earth Summit.
C9: Government Institutions | E9: Ministry of Natural resources, ecology and technical supervision of the KR | G9: MNRETS is the authorised state executive body responsible for the development and implementation of state policy and coordination in the areas of environmental protection, ecology and climate, geology and subsoil use, use and protection of natural resources, including bioresources, subsoil and water resources, except for irrigation and reclamation infrastructure, exercising state control and supervision over compliance. MNRETS is the competent authority for implementation of the Cartagena Protocol on Biosafety | H9: Led the regulatory process, hosted consultations on the NPAs, and renewed the project oversight committee membership.
C10: Government Institutions | E10: Ministry of Water resources, agriculture and processing industry of the KR (MWRAPI) | G10: It is an authorized state body of executive authority implementing the state policy in the agro-industrial complex, including livestock breeding, fish farming (aquaculture), crop production, plant quarantine, land melioration, land, water resources, irrigation and melioration infrastructure, food and processing products | H10: Engaged on the legal framework and sectoral rules, including links to organic-agriculture legislation.
C11: Government Institutions | E11: Including: Department for Agriculture Crop Expertise of the MWRAPI | G11: Control over variety and sowing qualities of seeds and planting material of agricultural and other plants. | H11: Attended a series of workshops on GMO detection | N11: Choose the PROFILE of the Stakeholder from the drop-down menu (e.g. Government, NGO, Private Sector, Community, or OTHER)
C12: Government Institutions | E12: and Department of Organic Agriculture, MWRAPI | G12: Field inspection of seed sowings and plantings, ground control of seed batches. | H12: Attended a series of workshops on GMO detection | N12: Include the NAME OF THE STAKEHOLDER
G13: Control over the quality of production of agricultural producers' agricultural organic products and increase their exports to near and far abroad.
C14: Government Institutions | E14: Center for Veterinary Diagnostics and Expertise in the Northern Region of KR | G14: It is an analytical laboratory that performs standardised and harmonized testing activities related to animal epidemiological surveillance, among other diagnostics activities according to the State Plan | H14: Organizsed technical laboratory activities on GMO detection and identification | N14: Inform the TYPE OF PARTNERSHIP (e.g. Executing Agency, Implementing partner, Strategic partner, Co-financing partner, Member of Steering Committee etc )
C15: Government Institutions | E15: Center for registration and certification of veterinary medicines, animal feed and feed additives under the MWRAPI | G15: The Center’s the main objective is to ensure the quality, efficiency and safety of veterinary medicines, animal feed and feed additives. To achieve the objective, the Center performs state regulation of the production, export, and import of veterinary medicines, animal feed and feed additives, as well carries out certification, registration and maintenance of a state register of the above mentioned goods. | H15: Attended a series of workshops on GMO detection
C16: Government Institutions | E16: Kyrgyz Accreditation Center under the Ministry of Economy and Commerce of the Kyrgyz Republic | G16: It is the central body of executive authority, which carries out functions on development and implementation of the state policy in the macroeconomic, anti-monopoly, tariff, licensing, investment, foreign economic, fiscal policy, policy in the public-private partnership, state material reserves, economic and regional development, state property management, technical regulation and metrology, as well as in the development of Halal industry, trade, business development and optimization of the regulatory legal framework for business regulation, development of free economic zones. | H16: Attended a series of workshops on GMO detection | N16: Report any PROGRESS and OUTCOMES (RESULTS), and any CHALLENGES experienced during the reporting period
C17: Government Institutions | E17: Ministry of Finance of the KR (MoF) | G17: MoF is an authorised state executive body monitoring the fulfilment of obligations by the state bodies for the preparation and implementation of projects financed by international financial institutions and donor organizations. | H17: Attended a series of workshops on GMO detection
C18: Government Institutions | E18: State Customs Services under the Ministry of Finance of the KR | G18: It is the state administration body for customs affairs on the territory of the Kyrgyz Republic, managing the activities of customs institutions of the republic in accordance with the customs legislation of the Kyrgyz Republic, agreements on this matter with member states of the Commonwealth of Independent States, as well as other states. | H18: Attended a series of workshops on GMO detection
C19: Government Institutions | E19: Ministry of Emergency Situations (MES) of the Kyrgyz Republic | G19: MES is an authorised state executive body responsible for the implementation of the policy and regulation of relations in the environmental protection, ensuring environmental safety and environmental management, as well as hunting, and protected natural areas. | H19: Attended a series of workshops on GMO detection | N19: Include new stakeholders identified in the reporting period (that were not include in the plan yet)
C20: Government Institutions | E20: State Intellectual Property and Innovation Service under the Cabinet of Ministers of the Kyrgyz Republic | G20: The State Intellectual Property and Innovation Service (Kyrgyzpatent) is an authorized state executive body implementing a unified state policy in the field of intellectual property protection and innovation development. | H20: Attended a series of workshops on GMO detection
C21: Government Institutions | E21: Department of Disease Prevention and State Sanitary and Epidemiological Surveillance under the Ministry of Healthcare of the KR | G21: It is a government entity subordinate department under the Ministry of Healthcare of the Kyrgyz Republic, which aims to organize and implement preventive and anti-epidemic activities to combat infectious, parasitic and priority noninfectious diseases to ensure sanitary and epidemiological well-being, to assess the effectiveness of implemented programs and projects in public health, to provide supervision in sanitary and epidemiological well-being of the population, the safety of goods, products, environmental facilities and conditions, prevention of harmful effects of environmental factors on human health. | H21: Attended a series of workshops on GMO detection | N21: For additional information, check the GEF Policy on Stakeholder Engagement (click here)
C22: Government Institutions | E22: Department of Medicines Provision under the Ministry of Healthcare of the KR | G22: It is a government entity subordinate department of the Ministry of Healthcare of the Kyrgyz Republic whose purpose is: regulation of circulation of medicines and medical devices through mechanisms provided by the legislation of the Kyrgyz Republic in medicines and medical products; conducts pharmaceutical inspections of pharmaceutical subjects for compliance with the requirements of the rules of proper pharmaceutical practices; evaluates the quality of medicines and assesses the quality and safety of medical products; carries out certification of authorized persons of medicine producers in accordance with the law of the Eurasian Economic Union; exercises control and supervision over compliance with requirements in the circulation of medicines and medical products. | H22: Attended a series of workshops on GMO detection
C23: Government Institutions | E23: Institute of Biotechnology of the National Academy of Sciences and Universities (Ministry of Education and Science of the Kyrgyz Republic) | G23: It is the central body of executive authority carrying out the state policy and carrying out management in education and science and state control over accessibility and quality of education, ensuring the constitutional right of citizens of the Kyrgyz Republic to education. The main goal of the Ministry is the formulation of the state policy in education, science and science technology activity. | H23: Hosted a practical seminar on the scientific and laboratory basis of GMO analysis
C24: Government Institutions | E24: Business Development and Investment Council under the Government of the Kyrgyz Republic | G24: It is a consultative and advisory body coordinated by the government of the Kyrgyz Republic, which ensures the development and preparation of recommendations and proposals for government bodies on improving the business environment and investment climate in the Kyrgyz Republic and the implementation of activities necessary to accelerate the socio-economic development of the country. | H24: Attended a series of workshops on GMO detection
C25: Government Institutions | E25: Public Council for Transition to a Green Economy in the Kyrgyz Republic | G25: This is a consultative and advisory body. The council is formed to monitor, evaluate and coordinate the implementation of the green economy concept in the Kyrgyz Republic; and to develop relevant recommendations on the basis of monitoring and evaluation, define the strategy, tactics and mechanisms of the Concept implementation that ensure economic modernization based on green and sustainable development principles. | H25: Attended a series of workshops on GMO detection
C26: NGOs | E26: Rural Development Fund | G26: RDF supports initiatives based on local needs and is aimed at poverty alleviation and sustainable rural development. RDF actively engages local communities, government agencies, and donors to identify priority areas and ways to realize rural development goals | H26: Attended a series of workshops on GMO detection
C27: NGOs | E27: Aarhus Centre | G27: Aarhus Centre Bishkek ensures public access to information and the decision-making system, in order to ensure the rights of citizens to a healthy environment. | H27: Attended a series of workshops on GMO detection
C28: NGOs | E28: Agency Of Development Initiatives (ADI) | G28: ADI helps to achieve social harmony, prosperity and the creation of a developed society by promoting and supporting local development initiatives | H28: Attended a series of workshops on GMO detection
C29: NGOs | E29: "BIO-KG" Organic Movement Federations | G29: BIO-KG promotes organic agriculture as the strategic trajectory of the Kyrgyz economy in compliance with principles of health, fairness, ecology and care | H29: Attended a series of workshops on GMO detection
C30: NGOs | E30: The Alliance has developed partnership relations with state bodies working in the field of green economy and sustainable development, climate change and environmental protection. | G30: The Alliance has developed partnership relations with state bodies working in the field of green economy and sustainable development, climate change and environmental protection. | H30: Attended a series of workshops on GMO detection
C31: Others | E31: Kyrgyz National Agrarian University named after K.I. Skryabin | G31: Letter of Agreement | H31: Advanced the development of biosafety curricula for secondary and higher education.
C32: NGOs | E32: Branch of the Regional Environmental Centre for Central Asia in Kyrgyz Republic (CAREC) | G32: Letter of Agreement | H32: Delivered practical trainings on detection/identification, border control and labelling; drafting a technical guideline on GMO detection/identification.
C33: Government Institutions | E33: The Center for Standardization and Metrology under Ministry of Economy and Commerce of the Kyrgyz Republic | G33: Letter of Agreement | H33: Delivered practical trainings on detection/identification, border control and labelling; drafting a technical guideline on GMO detection/identification.
C34: IGOs | E34: The United Nations Office for Project Services (UNOPS) | G34: UN2UN Agreement | H34: Procured and delivered laboratory equipment, consumables and diagnostic test systems; procurement timing was the main operational challenge.
N46: Questions? Contact our support: faogef-pir-support@fao.org

Sheet 10. Gender Mainstreaming
B2: 10. Gender Mainstreaming | M2: To move to the next line inside the delimitated field, press Alt+Enter in your keyboard.
B4: Information on Progress on Gender-responsive measures as documented at CEO Endorsement/Approval in the gender action plan or equivalent (when applicable) during this reporting period. (This section will be uploaded to the GEF Portal) | M4: Guidance
M5: Refer to the gender action plan, gender analysis or an equivalent socio-economic assessments included in the CEO Endorsed Prodoc, or conducted during formulation and/or implementation.
B6: Category | E6: Yes/No | F6: Briefly describe progress and results achieved during this reporting period.
M7: Please inform if the project is promoting measures that contribute to the specific areas / categories listed.
B8: a. Closing gender gaps in access to and control overal natural resources | E8: Yes | F8: Awareness activities support informed choices by women and men on LMO production/handling; gender considerations integrated into policy and training design.
M9: For each of the categories in the table, select YES or NO in the drop-down menu to indicate if they are included in the Plan/how the project is contributing to those.
M11: For each category to which the response is YES, describe the progress and any results achieved during the reporting period
B12: b. Improving women's participation and decision making | E12: Yes | F12: Public-participation mechanisms reflected in the draft policy and regulations; women included in trainings and consultations with balanced participation (~45–55% women). The governance frameworks being established (technical and decision-making bodies and the National Coordination Council) embed provisions for at least 30% participation of women, youth and ethnic minorities, with gender-sensitive nomination criteria and sex-disaggregated membership tracking.
B13: c. generating socio-economic benefits or services for women | E13: Yes | F13: Socio-economic considerations, including gender-related risks and opportunities, integrated into the socio-economic analysis and decision-making guidance.
M14: the FAO Policy on Gender Equality 2020-2030, click here
M15: For definitions and other information, consult:
M16: and the GEF Policy on Gender, click here
B17: Any other good practices on gender | E17: Yes | F17: Participation data collected with sex disaggregation; gender expertise engaged for policy/regulatory work and training design. | M17: the FAO Policy on Gender Equality 2020-2030, click here
M19: and the GEF Policy on Gender, click here
M36: Questions? Contact our support: faogef-pir-support@fao.org

Sheet 11. Knowledge Management
B2: 11. Knowledge and Learning Activities | M2: To move to the next line inside the delimitated field, press Alt+Enter in your keyboard.
M3: Refer to the Knowledge Management (or Knowledge and Learning) Approach included in the CEO Endorsed Prodoc.
B4: Knowledge activities/products (when applicable), as outlined in Knowledge Management (and Learning) Approach approved at CEO Endorsement/Approval, during this reporting period. (This section will be uploaded to the GEF Portal)
B6: Knowledge management and Learning (KML): Does the project have a KML strategy? | E6: Yes | M6: Choose YES or NO from the drop down menu to inform if the project has a KML approach or strategy,
B8: If YES, what is the implementation progress? In your answer, please describe how the project is fostering knowledge sharing and learning among stakeholders at national and sub-national level. | E8: Knowledge generated is integrated across project activities and disseminated to stakeholders through trainings, consultations, technical guidelines and the national biosafety website; knowledge-sharing is fostered among ministries, laboratories, academia and the private sector via the Interministerial Working Group and Letters of Agreement. | M8: If your answer was YES, inform progress, achievements and challenges in the implementation of the approach or strategy.
M9: In your answer, describe how the project is fostering knowledge sharing and learning among stakeholders (e.g. interchange of experiences, learning sessions and other similar opportunities)
B10: If NO, how does the project identify, collect and document good practices?
M11: If your answer was NO, inform which approaches the project uses to identify, collect and document good practices
B14: Please list good practices, including key-technical and/or institutional innovations, from the project thus far. | E14: Good practices include: a socio-economic analysis informing biosafety decision-making; a roadmap for a national training centre on LMO detection/identification; inter-institutional Letters of Agreement to deliver specialized trainings; and the development of a national biosafety website for information exchange. | M14: If available, describe GOOD PRACTICES that can be shared and learned from the project so far.
M15: Include, if available, TECHNICAL and/or INSTITUTIONAL INNOVATIONS that the project has promoted or produced.
M16: These practices or innovations can be already documented or not.
B20: Communication strategy: Does the project have a communication strategy? | E20: Yes | M20: Refer to the COMMUNICATIONS STRATEGY or similar document developed by the project, if available.
M22: Choose YES or NO from the drop down menu to inform if the project has a communications strategy
B23: Please provide a brief overview of the communications successes and challenges this fiscal year. | E23: Biosafety communication is integrated into national biodiversity/biosafety planning. The national biosafety website (under finalization) and CBD/BCH channels support outreach. The main challenge was ensuring continuity of messaging amid government turnover. | M23: Inform successes and/or challenges of the communications work in the reporting period
B41: Human-interest story: Please share a human-interest story from your project, focusing on how the project has helped to improve people's livelihoods while contributing to achieving the expected Global Environmental Benefits. Please indicate any Socio-economic Co-benefits that were generated by the project. Include at least one beneficiary quote and perspective, and please also include related photos and photo credits.
M42: Human Interest Story:
M44: DO NOT include simple/isolated feedback about trainings received (e.g. "I am very satisfied with the training" or "the training was excellent")
M45: DO NOT include simple/isolated feedback about tools or inputs received (e.g."thanks to the project now we have tools/irrigation/knowledge")
M47: DO include quotes and stories about what people are DOING with the training/tools/equipment/knowledge received.
M48: DO include quotes and stories about tangible/visible/observable/concrete RESULTS, CHANGES or TRANSFORMATION in peoples lives by USING the knowledge/tools/equipment received.
M50: E.g. "Before the training, I was not able to produce in this land, it was degraded, poor. But after participating in the Farmer Field School, the soil has been restored.
M51: In the months of March and April I was able to harvest 200 kgs of produce from my land. Together with other farmers we have restored 500 ha of land by applying the techniques we learned.
M52: We sold the vegetables in the province market. With the money I am able to keep my two kids at school"
M54: HOW TO ADD HYPERLINKS (Ctrl + K):
B55: Please provide links to related website, social media account | E55: National biosafety website finanilized; project information shared via CBD/BCH channels.
M56: 1. Select your cell.
M58: 2. Insert → Link (or press Ctrl + K).
B70: Please provide a list of publications, leaflets, video materials, newsletters, or other communications assets publised on the web, if any. | E70: Socio-economic analysis; technical guidelines on GMO detection/identification and labelling; training and awareness materials.
M71: 3. Choose:
M73: Existing File or Web Page (type/paste URL or browse)
B74: Please indicate the Communication and/or knowledge management focal point's name and contact detais. | E74: Evgeniy Pechurin, National Communication Specialist – evgeniy.pechurin@fao.org
M75: Place in This Document (enter e.g. Sheet2!A10)
M77: E-mail Address or Create New Document
M79: 4. Edit the Display text if desired → OK.
M83: Questions? Contact our support: faogef-pir-support@fao.org

Sheet 12. Indigenous & Local Involve.
B2: 12. Indigenous Peoples and Local Communites Involvement | M2: To move to the next line inside the delimitated field, press Alt+Enter in your keyboard.
B4: Are Indigenous Peoples and local communities involved in the project (as per the approved Project Document)? If yes, please briefly explain. | M4: Guidance:
B6: If applicable, please describe the process and current status of on-going/completed, legitimate consultations to obtain Free, Prior and Informed Consent (FPIC) with the indigenous communities. N/A Do indigenous peoples and/or local communities have an active partcipation in the project activities? If yes, briefly describe how. N/A | M6: Report on the involvement of indigenous peoples and local communities with the project.
M8: Consult the CEO Endorsed Prodoc.
M11: If necessary, refer to the following documents:
M13: FAO Policy on Indigenous and Tribal Peoples, available here:
M14: https://openknowledge.fao.org/handle/20.500.14283/i4476en
M16: FAO's Free, Prior and Informed Consent (FPIC) Manual, available here:
M17: https://openknowledge.fao.org/handle/20.500.14283/i6190e
M20: The GEF's Principles and Guidelines for Engagement with Indigenous Peoples, available here:
M21: Indigenous Peoples | GEF
M57: Questions? Contact our support: faogef-pir-support@fao.org

Sheet 13. Co-Financing Table
U1: To move to the next line inside the delimitated field, press Alt+Enter in your keyboard.
B2: 13. Co-Financing Table | U2: Guidance:
U3: The objective of this section is to monitor the progress on co-financing materialized at 30 June 2025, as per the confirmed co-financing amounts in the Project Document (CEO Endorsed).
B4: Sources of Co-financing | D4: Name of Co-financer | I4: Type of Co-financing | K4: Amount Confirmed at CEO endorsement/approval (in USD) | N4: Actual Amount Materialized at 30 June 2026 (in USD)
U5: Ensure that you are using the AMOUNTS CONFIRMED AT CEO ENDORSEMENT/ APPROVAL. Check FPMIS for the CEO approved Prodoc (or the project page in the GEF website: https://www.thegef.org/projects-operations/database)
B6: Recipient Country Government | D6: Ministry of Natural Resources, Ecology and Technical Supervision of the KR | I6: In-kind | K6: 450000 | N6: 225000
B7: Recipient Country Government | D7: Ministry of Water resources, Agriculture and Processing industry of the KR ( MWRAPI) | I7: In-kind | K7: 750000 | N7: 375000 | U7: Choose the SOURCE OF CO-FINANCING from the drop down menu (GEF Agency, Donor Agency, Recipient Country Government, Private Sector, Civil Society Organization, Beneficiaries, Other). Only one choice available per line.
B8: Recipient Country Government | D8: Ministry of Finance of the KR | I8: In-kind | K8: 300000 | N8: 150000
B9: Recipient Country Government | D9: Ministry of Healthcare of the KR | I9: In-kind | K9: 300000 | N9: 150000 | U9: Choose the TYPE OF CO-FINANCING from the drop down menu (Grant, Loan, Equity Investment, Guarantee, In-Kind, Public Investment, Other).Only one choice available per line.
B10: Recipient Country Government | D10: State Inspection of Veterinary and Phytosanitary Safety under the MWRAPI | I10: In-kind | K10: 300000 | N10: 150000
B11: Recipient Country Government | D11: Ministry of Emergency Situations of the KR | I11: In-kind | K11: 300000 | N11: 150000 | U11: If the same co-financer has more than one type of co-financing, use two lines to report on the different types. See example below:
B12: Recipient Country Government | D12: Institute of Biotechnology of the National Academy of Science of the KR | I12: In-kind | K12: 300000 | N12: 150000
B13: GEF Agency | D13: FAO | I13: In-kind | K13: 300000 | N13: 150000 | U13: Sources of Co-financing | W13: Name of Co-financer | Z13: Type of Co-financing
U14: GEF Agency | W14: FAO | Z14: in-kind
U15: GEF Agency | W15: FAO | Z15: grant
U18: Use the following format to insert the values: 1,234,567.00
B19: Total | I19: Total | K19: =SUM(K6:K18) -> 3000000 | N19: =SUM(N6:N18) -> 1500000 | U19: Use only numbers
U20: Inform all values in USD
U21: The totals are automatically calculated
B22: Please explain any significant changes in project co-financing since CEO Endorsement/Approval, or differences between the pledged and materialized co-financing amounts.
U24: Explain ANY SIGNIFICANT CHANGES in project co-financing since Project Document signature, or differences between the anticipated and actual rates of disbursement.
B26: GEF CoFinancing Guidelines 2018 | U26: For more information, refer to the GEF Co-financing guidelines 2018 (click here)
U28: Questions? Contact our support: faogef-pir-support@fao.org

Sheet 14. GEO Location
T1: Guidance:
B2: 14. Geo Location Information | T2: To move to the next line inside the delimitated field, press Alt+Enter in your keyboard.
B4: This section should be completed ONLY by projects with 1st PIR and in case the geographic coverage of project activities has changed since last reporting period. This information is required by GEF Secretariat in GEF Portal | T4: This section should be completed ONLY by projects with 1st PIR or in case the geographic coverage of project activities has changed since last reporting period.
B6: Are there any changes in the geographic coverage of the project activities since the last PIR report? | K6: Yes | T6: Choose YES or NO to inform if there were any CHANGES IN THE GEOGRAPHIC COVERAGE since the last PIR report
B9: Location Name | E9: Latitude | G9: Longitude | I9: Geo Name ID | L9: Location & Activity Description* | T9: The LOCATION NAME, LATITUDE and LONGITUDE are required fields insofar as an Agency chooses to enter a project location under the set format.
B10: Naryn, Kyrgyz Republic | E10: 41.4287 | G10: 75.9911 | I10: 1527592 | L10: A new, additional location: Regional biosafety awareness-raising, technical consultations and capacity-building activities for local stakeholders and institutions. | T10: If the location is not exact, include the GEO NAME ID (e.g. location is a city, rather than the exact site of a physical infrastructure).
B11: Talas, Kyrgyz Republic | E11: 42.5228 | G11: 72.2427 | I11: 1527299
B12: Cholpon-Ata, Issyk-Kul Region, Kyrgyz Republic | E12: 42.6494 | G12: 77.0823 | I12: 1528512 | L12: A new, additional location: National-level biosafety activities, including stakeholder consultations, technical workshops, development of regulatory and technical guidance, capacity-building and coordination with relevant institutions.
T14: IMPORTANT guidance about the FORMAT:
T16: LONGITUDE and LATITUDE must follow the Decimal Degrees WGS84 format.
T17: Use at least four decimal points. E.g. Latitude: 6.5244 Longitude: 3.3792
T19: Web-mapping applications use this format. See the references below
T21: • Open Street Map
T22: • GEO Names
T23: • Coordinates Converter
T24: • GEF Portal World Bank – Geocoding User Guide (Word document)
T26: *The Location & Activity Description fields are optional.
T50: Questions? Contact our support: faogef-pir-support@fao.org

Sheet Annex
A2: Annex. Monitoring Area-based GEF Core Indicator Commitments and Progress with FERM
A4: The Framework for Ecosystem Restoration Monitoring (FERM), developed by FAO, is the official monitoring platform for tracking global progress and disseminating good practices for the UN Decade of Ecosystem Restoration. The FERM can serve as an integrated GIS-based platform, providing GEF staff and all relevant stakeholders the chance to display the progress of committed versus achieved land under restoration or under improved management for conservation and sustainable use, along with clear results such as the percentage of project achievement. Having a common tracking and monitoring platform allows users to comprehensively assess and report on project progress. A user-friendly dashboard showcasing project results gives stakeholders a clear understanding of the extent to which project targets have been achieved. Projects with area-based GEF Core Indicators (GEF Core Indicators 1-5 and LDCF Core Indicator 2) are encouraged to register in the FERM platform.
A5: Useful links:
A6: • FERM website
A7: • FERM User Guide (PDF)
A8: • FERM YouTube channel
A9: • Email Carmen Morales
A24: 26 It also supports countries in reporting areas under restoration for the Kunming-Montreal GBF Target 2 (areas under restoration) for which FAO is the custodian agency.
